 Dungeon Crawl Stone Soup version 0.23-a0-712-g3a644c0 (webtiles) character file.

5684 ohad the Grappler (level 10, -4/132 HPs)
             Began as a Troll Monk on Jan 12, 2019.
             Was a High Priest of Okawaru.
             Slain by a warg (13 damage)
             ... on level 8 of the Dungeon on Jan 15, 2019.
             The game lasted 00:22:55 (7353 turns).

ohad the Grappler (Troll Monk)                      Turns: 7353, Time: 00:22:56

Health: -4/132     AC:  6    Str: 26    XL:     10   Next: 47%
Magic:  12/12      EV:  8    Int:  6    God:    Okawaru [*****.]
Gold:   221        SH: 20    Dex: 15    Spells: 9/9 levels left

rFire    . . .     SeeInvis .     - Unarmed
rCold    . . .     Gourm    +   G - +2 large shield
rNeg     . . .     Faith    .   a - +0 robe
rPois    .         Spirit   .   (helmet restricted)
rElec    .         Reflect  .   g - +0 cloak
rCorr    .         Harm     .   (gloves unavailable)
MR       .....                  (boots unavailable)
Stlth    ..........             (no amulet)
HPRegen  0.72/turn              (no ring)
MPRegen  0.13/turn              A - ring of stealth

@: berserking, lethally poisoned (-4 -> -6), very quick
A: large, unfitting armour, claws 3, fast metabolism 3, gourmand, regeneration
1, shaggy fur 1, tough skin 2
a: Heroism, Finesse, Renounce Religion


You were on level 8 of the Dungeon.
You worshipped Okawaru.
Okawaru was extremely pleased with you.
You were very full.

You visited 2 branches of the dungeon, and saw 10 of its levels.

You collected 345 gold pieces.
You spent 124 gold pieces at shops.

Inventory:

Hand Weapons
 f - a +0 dagger of venom
 t - a +1 whip of freezing
 v - a +0 giant spiked club
 x - a +2 dagger of venom
 z - a +1 flail of draining
 B - a +0 giant club
 C - the +8 whip "Askushri" {flame, rF++, unknown}
   (You found it on level 7 of the Dungeon)

   It has been specially enchanted to burn those struck by it, causing extra
   injury to most foes and up to half again as much damage against particularly
   susceptible opponents.
   It greatly protects you from fire.
 J - a +4 scimitar of flaming
Missiles
 I - a throwing net (quivered)
Armour
 a - a +0 robe (worn)
 g - a +0 cloak (worn)
 p - a scarf of resistance
 s - a +0 large shield
 G - a +2 large shield (worn)
Jewellery
 k - an uncursed ring of magical power
 A - a ring of stealth (right claw)
 F - an uncursed ring of fire
 H - a cursed ring of ice
Scrolls
 h - 5 scrolls of teleportation
 l - 3 scrolls of immolation
 m - 2 scrolls of magic mapping
 n - 4 scrolls of enchant weapon {unknown}
 q - a scroll of fear {unknown}
 w - a scroll of enchant armour
 y - 2 scrolls of amnesia
 D - 3 scrolls of fog
 E - 5 scrolls of identify
Potions
 c - 2 potions of brilliance
 d - 3 potions of magic
 e - a potion of might
 i - a potion of degeneration
 j - a potion of berserk rage
 o - 4 potions of flight
 r - 2 potions of mutation
 u - 4 potions of lignification
 L - a potion of haste
Comestibles
 b - 25 rations


   Skills:
 - Level 2.4 Fighting
 - Level 2.4 Dodging
 - Level 1.0 Stealth
 + Level 8.7 Shields
 + Level 10.7 Unarmed Combat
 - Level 5.0 Invocations


You had 9 spell levels left.
You didn't know any spells.
Your spell library contained the following spells:

 Spells                   Type           Power        Failure   Level  Hunger
 Corona                   Hex            #......      88%         1    ##.....
 Magic Dart               Conj           #...         88%         1    ##.....
 Blink                    Tloc           N/A          96%         2    ###....
 Call Imp                 Summ           #.......     96%         2    ###....
 Ensorcelled Hibernation  Hex/Ice        #.....       96%         2    ###....
 Slow                     Hex            #.......     96%         2    ###....
 Confuse                  Hex            #.......     99%         3    ####...
 Conjure Flame            Conj/Fire      #.......     99%         3    ####...
 Dazzling Spray           Conj/Hex       #.....       99%         3    ####...
 Mephitic Cloud           Conj/Pois/Air  #.......     99%         3    ####...
 Tukima's Dance           Hex            #.......     99%         3    ####...


Dungeon Overview and Level Annotations

Branches:
Dungeon (9/15)             Temple (1/1) D:5
   Lair: D:8-11         Orc: D:9-12

Altars:
Ashenzari
Elyvilon
Fedhas
Hepliaklqana
Makhleb
Okawaru
Ru
Trog
Vehumet
Wu Jian
Xom
Yredelemnul
The Shining One

Shops:
D:4 *   D:5 ?   D:7 }[

Annotations:
D:5 1 transporter, Ratty's ghost, amateur GnSk


Innate Abilities, Weirdness & Mutations

You are too large for most types of armour.
You have claws for hands.
Your metabolism is lightning-fast.
You like to eat raw meat.
Your natural rate of healing is unusually fast.
You are covered in fur. (AC +1)
You have very tough skin. (AC +2)


Message History

* * * LOW HITPOINT WARNING * * *
The killer bee stings you.
* * * LOW HITPOINT WARNING * * *
The warg bites you but does no damage.
You feel sick. The killer bee stings you.
* * * LOW HITPOINT WARNING * * *
You are more poisoned.
The killer bee poisons you! You block the killer bee's attack. x2
Unknown command.
It was a potion of berserk rage.
A red film seems to cover your vision as you go berserk!
You feel yourself moving faster!
You feel mighty!
You feel sick.
You block the killer bee's attack. x3; The killer bee completely misses you.
Unknown command.
You barely miss the killer bee.
You feel sick.
You block the killer bee's attack. x2; The warg bites you but does no damage.
You miss the killer bee.
You feel sick. The killer bee stings you.
* * * LOW HITPOINT WARNING * * *
You block the killer bee's attack. The warg bites you!
You die...

#......### ##.....#
#####.##
#..###.##### #..#
#..###...... ##.#
#..###..#### #.##
#...#...#
##.######...#..##
##......#..._..#
###...........#..#
##>...@........#..##
#....yyh......###..#
#..........##.###..#
####.<...####.###..#
####.## #......#
#..######....#
###...##.......#
###...#..........#
##...##...........#


You could see a warg and 2 killer bees.

Vanquished Creatures
  Erica (D:8)
  Pikel (D:8)
  Psyche (D:8)
  Grinder (D:4)
  A hippogriff (D:8)
  A spriggan (D:7)
  Grum (D:8)
  An ice beast (D:5)
  4 phantoms
  4 sky beasts
  4 ogres
  2 wolves (D:7)
  5 centaurs
  4 bullfrogs
  2 gnoll sergeants (D:7)
  A wyvern skeleton (D:8)
  A scorpion (D:6)
  3 killer bees (D:5)
  A jelly (D:7)
  3 howler monkeys (D:8)
  A bullfrog zombie (D:7)
  5 crimson imps
  A bullfrog skeleton (D:6)
  3 hounds
  2 orc priests
  A centaur skeleton (D:5)
  4 orc wizards
  An iguana (D:5)
  6 worker ants
  A killer bee zombie (D:6)
  A worker ant zombie (D:6)
  8 adders
  28 gnolls
  3 oozes
  2 adder skeletons
  2 adder zombies
  2 worms (D:2)
  7 leopard geckos
  12 orcs
  10 bats
  5 giant cockroaches
  10 goblins
  10 hobgoblins
  19 jackals
  A ball python (D:3)
  4 frilled lizards
  A jackal zombie (D:5)
  4 kobolds
  A quokka zombie (D:7)
  6 rats
203 creatures vanquished.

Vanquished Creatures (others)
  4 plants (D:8)
4 creatures vanquished.

Grand Total: 207 creatures vanquished

Notes
Turn   | Place    | Note
-------+----------+-------------------------------------------
     0 | D:1      | ohad the Troll Monk began the quest for the Orb.
     0 | D:1      | Reached XP level 1. HP: 22/22 MP: 0/0
    49 | D:1      | Reached XP level 2. HP: 23/29 MP: 1/1
   314 | D:1      | Reached skill level 4 in Unarmed Combat
   385 | D:1      | Reached XP level 3. HP: 36/36 MP: 2/2
  1025 | D:2      | Reached XP level 4. HP: 40/44 MP: 3/3
  1030 | D:2      | Reached skill level 5 in Unarmed Combat
  1661 | D:3      | Upgraded the game from 0.23-a0-701-gd76f34b to
                  | 0.23-a0-712-g3a644c0
  1768 | D:3      | Found a radiant altar of Vehumet.
  2240 | D:4      | Noticed an ogre
  2273 | D:4      | Killed an ogre
  2273 | D:4      | Reached XP level 5. HP: 17/50 MP: 4/4
  2498 | D:4      | Reached XP level 6. HP: 45/59 MP: 5/5
  2595 | D:4      | Found Anylo's Assorted Antiques.
  2603 | D:4      | Bought a scroll of identify for 40 gold pieces
  2736 | D:4      | Found a basalt altar of Yredelemnul.
  2859 | D:4      | Noticed Grinder
  2896 | D:4      | Killed Grinder
  2896 | D:4      | Reached skill level 5 in Shields
  2896 | D:4      | Reached XP level 7. HP: 17/66 MP: 6/6
  3143 | D:5      | Entered Level 5 of the Dungeon
  3177 | D:5      | Found a transporter.
  3195 | D:5      | Found a transporter.
  3214 | D:5      | Reached skill level 6 in Unarmed Combat
  3356 | D:5      | Reached XP level 8. HP: 73/74 MP: 7/7
  3385 | D:5      | Reached skill level 7 in Unarmed Combat
  3456 | D:5      | Found Ecva's Magic Scroll Shop.
  3467 | D:5      | Bought a scroll of fog for 28 gold pieces
  3467 | D:5      | Bought a scroll of identify for 28 gold pieces
  3467 | D:5      | Bought a scroll of identify for 28 gold pieces
  3566 | D:5      | Found a staircase to the Ecumenical Temple.
  3576 | Temple   | Entered the Ecumenical Temple
  3588 | Temple   | Became a worshipper of Warmaster Okawaru
  3588 | Temple   | Reached * piety under Okawaru
  3588 | Temple   | Reached ** piety under Okawaru
  3860 | D:5      | Reached skill level 1 in Invocations
  4062 | D:5      | Noticed Ratty's ghost (amateur GnSk)
  4377 | D:5      | Reached skill level 5 in Invocations
  4384 | D:5      | Reached *** piety under Okawaru
  4384 | D:5      | Reached XP level 9. HP: 52/80 MP: 11/11
  4658 | D:6      | Reached skill level 8 in Unarmed Combat
  5295 | D:7      | Got a steaming whip
  5359 | D:7      | Reached skill level 9 in Unarmed Combat
  5558 | D:7      | Found a burning altar of Makhleb.
  5643 | D:7      | Found Riaq's Antique Armour Shoppe.
  5666 | D:7      | Found Ynleq's Gadget Shop.
  5772 | D:7      | Reached **** piety under Okawaru
  6240 | D:8      | Noticed Grum
  6331 | D:8      | Killed Grum
  6331 | D:8      | Reached XP level 10. HP: 84/88 MP: 12/12
  6340 | D:8      | Noticed Erica
  6419 | D:8      | Killed Erica
  6419 | D:8      | Reached skill level 10 in Unarmed Combat
  6576 | D:8      | Noticed Psyche
  6586 | D:8      | Killed Psyche
  6605 | D:8      | Found a glowing golden altar of the Shining One.
  6659 | D:8      | Found a blossoming altar of Fedhas.
  6708 | D:8      | Noticed Pikel
  6720 | D:8      | Killed Pikel
  6720 | D:8      | Reached ***** piety under Okawaru
  6986 | D:8      | Found an iron altar of Okawaru.
  7029 | D:8      | Found a shattered altar of Ashenzari.
  7353 | D:8      | Slain by a warg

Vault maps used:
D:1:      saegor_arrival_miasma, minmay_cut_off
D:2:      first_ration, minmay_misc_feat_chi, minivault_26
D:3:      lemuel_doored_altar
D:4:      yredelemnul_altar_generic, serial_shops, shop, kennysheep_boxes,
          uniq_grinder
D:5:      minmay_temple_entry_tees, gammafunk_ghost_hive, serial_shops,
          nicolae_shop_competitors_out_of_business
D:6:      cheibrodos_fzero
D:7:      bloody_makhleb, serial_gnoll_camp, gnoll_camp_mini_hut,
          gnoll_camp_mini_loothouse, gnoll_camp_mini_hut, gnoll_camp_mini_shop,
          gnoll_camp_mini_shop, the_bakery, st_stairs_12,
          grunt_decor_mini_mirrors
D:8:      fedhas_altar_decomposition, cheibrodos_ashenzari_chains, tso_altar,
          okawaru_trees_1, uniq_pikel, uniq_grum, uniq_psyche, uniq_erica
D:9:      lemuel_upstairs_altar, grunt_qazlal_clouds, marbit_many_paths,
          erik_lair_orcish_takeover
Temple:   nicolae_temple_great_sept

Skill      XL: |  1  2  3  4  5  6  7  8  9 10 |
---------------+-------------------------------+-----
Unarmed Combat | 4 5 6 7 9 10 | 10.7
Shields        | 2 5 6 7 8 |  8.7
Invocations    | 5 |  5.0
Fighting       | |  2.4
Dodging        | |  2.4
Stealth        | |  1.0

Action                   |  1- 3 |  4- 6 |  7- 9 | 10-12 || total
-------------------------+-------+-------+-------+-------++-------
Melee: Unarmed           |    89 |   168 |   448 |    45 ||   750
       Punch             |     2 |     2 |       |       ||     4
Invok: Heroism           |       |       |     1 |     2 ||     3
  Use: Scroll            |     2 |     9 |     7 |       ||    18
       Potion            |       |     1 |     2 |     1 ||     4
 Stab: Sleeping          |     3 |     3 |     7 |     2 ||    15
  Eat: Chunk             |    15 |    16 |    33 |     8 ||    72
Armor: Robe              |    34 |    58 |    87 |     4 ||   183
Dodge: Dodged            |    47 |    65 |   102 |     9 ||   223
Block: Large shield      |       |    53 |   394 |    49 ||   496

Table legend:
 A = Non-vault XP
 B = Vault XP
 C = Vault XP percentage of total XP
 D = Non-vault monster count
 E = Vault monster count
 F = Vault count percentage of total count
                 A         B        C        D         E       F
            +---------+---------+-------+---------+---------+-------
      Total |    4130 |    3990 |  49.1 |     164 |      39 |  19.2
            +---------+---------+-------+---------+---------+-------
        D:1 |      47 |       5 |   9.6 |      27 |       3 |  10.0
        D:2 |      75 |       0 |   0.0 |      22 |       0 |   0.0
        D:3 |      64 |       0 |   0.0 |      20 |       0 |   0.0
        D:4 |     433 |     286 |  39.8 |      11 |       1 |   8.3
        D:5 |    1153 |     533 |  31.6 |      26 |       8 |  23.5
        D:6 |     746 |     457 |  38.0 |      14 |       9 |  39.1
        D:7 |     943 |     628 |  40.0 |      35 |      14 |  28.6
        D:8 |     666 |    2081 |  75.8 |       8 |       4 |  33.3
        D:9 |       3 |       0 |   0.0 |       1 |       0 |   0.0
            +---------+---------+-------+---------+---------+-------
